 Dungeon Crawl Stone Soup version 0.25.1-2-g60ff931df9 (webtiles) character file.

Game seed: 17725491834639870413

105 H0rd4k the Magician (level 4, -11/24 HPs)
             Began as a Deep Elf Wizard on Sept 16, 2020.
             Killed by divine providence
             ... invoked by an orc priest
              (14 damage)
             ... on level 3 of the Dungeon.
             The game lasted 00:04:12 (3297 turns).

H0rd4k the Magician (Deep Elf Wizard)               Turns: 3297, Time: 00:04:13

Health: -11/24     AC:  2    Str:  4    XL:     4   Next: 53%
Magic:  14/14      EV: 13    Int: 24    God:
Gold:   135        SH:  0    Dex: 13    Spells: 7/16 levels left

rFire    . . .     SeeInvis .   (no weapon)
rCold    . . .     Gourm    .   (no shield)
rNeg     . . .     Faith    .   a - +0 robe
rPois    .         Spirit   .   b - +0 hat
rElec    .         Reflect  .   (no cloak)
rCorr    .         Harm     .   (no gloves)
MR       .....                  (no boots)
Stlth    ++........             (no amulet)
HPRegen  0.08/turn              (no ring)
MPRegen  0.14/turn              (no ring)

@: no status effects
A: no striking features
a: no special abilities


You were on level 3 of the Dungeon.
You were not hungry.

You visited 1 branch of the dungeon, and saw 3 of its levels.

You collected 135 gold pieces.

Inventory:

Armour
 a - a +0 robe (worn)
 b - a +0 hat (worn)
Scrolls
 c - 3 scrolls of amnesia {unknown}
 e - 2 scrolls of teleportation {unknown}
 f - 2 scrolls of remove curse {unknown}
 g - 4 scrolls of identify {unknown}
 h - a scroll of fear {unknown}
 i - a scroll of enchant weapon {unknown}
 j - a scroll of blinking {unknown}
 k - a scroll of magic mapping {unknown}
Comestibles
 d - 2 rations
 l - 5 chunks of flesh


   Skills:
 + Level 2.5 Dodging
 + Level 2.7 Stealth
 + Level 6.5 Spellcasting
 + Level 2.4 Conjurations
   Level 1.1 Summonings
 * Level 1.1 Translocations
 * Level 0.2 Air Magic


You had 7 spell levels left.
You knew the following spells:

 Your Spells              Type           Power        Failure   Level  Hunger
a - Magic Dart            Conj           ###.         2%          1    None
b - Blink                 Tloc           N/A          7%          2    None
c - Conjure Flame         Conj/Fire      ##......     14%         3    None
d - Mephitic Cloud        Conj/Pois/Air  ##......     16%         3    None

Your spell library contained the following spells:

 Spells                   Type           Power        Failure   Level  Hunger
 Call Imp                 Summ           ##......     7%          2    None
 Slow                     Hex            #.......     12%         2    None


Dungeon Overview and Level Annotations

Branches:
Dungeon (3/15)

Altars:
Kikubaaqudgha
Qazlal
Uskayaw
Vehumet
The Shining One


Message History

The bat hits you but does no damage. The bat barely misses you.
The bat hits you but does no damage. The bat closely misses you.
The bat misses you. The bat misses you. The bat hits you but does no damage.
You hit the bat but do no damage. The bat closely misses you.
An orc priest comes into view.
The bat hits you but does no damage. The bat hits you.
* * * LOW HITPOINT WARNING * * *
The bat closely misses you.
A gnoll sergeant comes into view. It is wielding a +3 spear of freezing.
The orc priest shouts!
The gnoll sergeant shouts!
You hear a shout!
The bat closely misses you.
The orc priest mumbles some strange prayers to Beogh against you.
Beogh smites you!
Ouch! That really hurt!
You die...

.....!... .........
........# .g......#
........######
.............# .....#
##...........# ......
.......@.....# ......
......bo.....# ......
........g....# ......
.............##
.............o.......#
...........o.........#
..............##.....#
..............##.....#
.....................#


You could see a gnoll sergeant, 2 orc priests, a gnoll, an orc and a bat.

Vanquished Creatures
  3 adders (D:2)
  A gnoll (D:3)
  A worm (D:2)
  4 dart slugs
  A leopard gecko (D:1)
  2 orcs (D:3)
  A giant cockroach (D:1)
  5 hobgoblins
  10 kobolds
  2 quokkas
  A ball python (D:1)
  7 bats
  5 frilled lizards
  9 goblins
  5 rats
57 creatures vanquished.

Notes
Turn   | Place    | Note
-------+----------+-------------------------------------------
     0 | D:1      | H0rd4k the Deep Elf Wizard began the quest for the Orb.
     0 | D:1      | Reached XP level 1. HP: 10/10 MP: 7/7
   272 | D:1      | Reached skill level 5 in Spellcasting
   439 | D:1      | Reached XP level 2. HP: 15/15 MP: 7/10
  1336 | D:2      | Found a hide-covered altar of Uskayaw.
  1336 | D:2      | Found a radiant altar of Vehumet.
  1336 | D:2      | Found a stormy altar of Qazlal.
  1345 | D:2      | Found an ancient bone altar of Kikubaaqudgha.
  1346 | D:2      | Found a glowing golden altar of the Shining One.
  1370 | D:2      | Reached XP level 3. HP: 9/19 MP: 6/12
  1639 | D:2      | Reached skill level 6 in Spellcasting
  2378 | D:2      | Reached XP level 4. HP: 19/24 MP: 7/14
  2981 | D:3      | Learned a level 2 spell: Blink
  2985 | D:3      | Learned a level 3 spell: Conjure Flame
  2990 | D:3      | Learned a level 3 spell: Mephitic Cloud
  3124 | D:3      | Found a stormy altar of Qazlal.
  3126 | D:3      | Noticed a fire elemental
  3126 | D:3      | Noticed an air elemental
  3127 | D:3      | Noticed a water elemental
  3127 | D:3      | Noticed an earth elemental
  3297 | D:3      | Noticed a gnoll sergeant
  3297 | D:3      | Killed from afar by an orc priest

Illustrated notes

Levels and vault maps discovered:
D:1:      sevenhm_arrival_forest_fort_large_2, layout_basic, minmay_tetromino_l2
D:2:      minmay_door_path, layout_loops_ring, grunt_temple_overflow_open
D:3:      layout_basic, nicolae_qazlal_style_of_elements, uniq_jessica

Skill      XL: |  1  2  3  4 |
---------------+-------------+-----
Spellcasting   | 5 6 |  6.5
Conjurations   | 2 |  2.4
Dodging        | |  2.5
Stealth        | |  2.7
Summonings     | |  1.1
Translocations | |  1.1
Air Magic      | |  0.2

Action                   |  1- 3 |  4- 6 || total
-------------------------+-------+-------++-------
Melee: Unarmed           |       |     1 ||     1
 Cast: Magic Dart        |   104 |    37 ||   141
  Eat: Chunk             |     4 |     3 ||     7
Armor: Robe              |     2 |    10 ||    12
Dodge: Dodged            |    12 |    24 ||    36
